 Dungeon Crawl Stone Soup version 0.32-a0-933-ga8fa3634e4 (webtiles) character file.

Game seed: 3103288800947826669

168065 demibob the Executioner (level 17, -35/171 HPs)
             Began as a Mountain Dwarf Fighter on Apr 14, 2024.
             Was an Initiate of Gozag.
             Killed from afar by a blizzard demon (42 damage)
             ... with a bolt of cold
             ... on level 2 of the Abyss.
             The game lasted 00:57:23 (33849 turns).

demibob the Executioner (Mountain Dwarf Fighter)   Turns: 33849, Time: 00:57:24

Health: -35/171    AC: 35    Str: 24    XL:     17   Next: 32%
Magic:  17/17      EV: 12    Int: 10    God:    Gozag
Gold:   1208       SH:  0    Dex: 11    Spells: 16/16 levels left

rFire   + . .        a - +10 consecrated labrys {holy, Valiant ^Fragile Fly SInv}
rCold   . . .        (no shield)
rNeg    . . .        I - +3 plate armour {rPois}
rPois   +            p - +0 helmet
rElec   .            N - +2 cloak of the Villain {rF+ Slay+2}
rCorr   .            F - +1 pair of gloves
SInv    +            U - +3 pair of seven-league boots {Rampage+∞}
Will    +....        y - dreamdust necklace {Acrobat} Stlth
                     E - +5 ring of evasion
HPRegen 0.48/turn    L - ring of flight
MPRegen 0.15/turn

%: acrobat, rampage+∞
@: flying, studying Long Blades
A: runic magic, artefact enchanting
a: Renounce Religion, Potion Petition, Call Merchant, Bribe Branch


You were on level 2 of the Abyss.
You worshipped Gozag.
Gozag was most pleased with you.
You visited 5 branches of the dungeon, and saw 27 of its levels.
You visited the Abyss 1 time.
You also visited: Sewer and Ice Cave.

You collected 10446 gold pieces.
You spent 4766 gold pieces at shops.
You paid 4472 gold pieces to Gozag.


Innate Abilities, Weirdness & Mutations

Your spellcasting is much less encumbered by armour.
You can use scrolls of enchantment on lesser artefacts.


   Skills:
 + Level 20.4 Fighting
 - Level 22.3 Axes
 + Level 19.5 Armour
 - Level 3.2 Shields
 + Level 13.0 Evocations


You had 16 spell levels left.
You didn't know any spells.
Your spell library contained the following spells:

 Spells                   Type           Power      Damage    Failure   Level
 Apportation              Tloc           0%         N/A       50%         1
 Kiss of Death            Conj/Necr      0%         2d5       50%         1
 Necrotise                Necr           0%         1d4       50%         1
 Sandblast                Erth           0%         2d4       50%         1
 Sting                    Conj/Alch      0%         1d3       50%         1
 Summon Small Mammal      Summ           0%         N/A       50%         1
 Ensorcelled Hibernation  Hex/Ice        0%         N/A       65%         2
 Lesser Beckoning         Tloc           0%         N/A       65%         2
 Confusing Touch          Hex            0%         N/A       86%         3
 Dazzling Flash           Conj/Hex       0%         N/A       86%         3
 Maxwell's Portable Pile  Tloc           0%         2d(5-13)  86%         3
 Mephitic Cloud           Conj/Alch/Air  0%         N/A       86%         3
 Passwall                 Erth           0%         N/A       86%         3
 Sigil of Binding         Hex            0%         N/A       86%         3
 Stone Arrow              Conj/Erth      0%         3d7       86%         3
 Swiftness                Air            0%         N/A       86%         3
 Teleport Other           Tloc           0%         N/A       86%         3
 Vampiric Draining        Necr           0%         2d6       86%         3
 Brom's Barrelling Bould  Conj/Erth      0%         2d3       99%         4
 Dispel Undead            Necr           0%         3d6       99%         4
 Ignite Poison            Fire/Alch      0%         N/A       99%         4
 Martyr's Knell           Necr/Summ      0%         N/A       99%         4
 Passage of Golubria      Tloc           0%         N/A       99%         4
 Sticky Flame             Fire/Alch      0%         2d4       99%         4
 Vhi's Electric Charge    Tloc/Air       0%         N/A       99%         4
 Arcjolt                  Conj/Air       0%         1d10      100%        5
 Curse of Agony           Necr           0%         N/A       100%        5
 Silence                  Hex/Air        0%         N/A       100%        5
 Summon Forest            Summ/Tloc      0%         N/A       100%        5
 Death Channel            Necr           0%         N/A       100%        6
 Eringya's Noxious Bog    Alch           0%         4d6       100%        6
 Plasma Beam              Fire/Air       0%         2x1d10    100%        6
 Sculpt Simulacrum        Ice/Alch       0%         N/A       100%        6
 Summon Hydra             Summ           0%         N/A       100%        7
 Ignition                 Fire           0%         3d3       100%        8
 Lehudib's Crystal Spear  Conj/Erth      0%         10d2      100%        8

Inventory:

Hand Weapons
 a - the +10 consecrated labrys (weapon) {holy, Valiant ^Fragile Fly SInv}
   (You bought it in a shop on level 7 of the Dungeon)

   Valiant:   It becomes more powerful as more dangerous foes come into view.
   SInv:      It lets you see invisible.
   Fly:       It grants you flight.
   ^Fragile:  It will be destroyed if unequipped.
Missiles
 t - a throwing net {=f}
Armour
 o - the +8 ice dragon scales "Opeunim" {Rampage rF- rC++}
   (You bought it in a shop on level 11 of the Dungeon)

   rF-:       It makes you vulnerable to fire.
   rC++:      It greatly protects you from cold.
   Rampage:   It bestows one free step when moving towards enemies.
 p - a +0 helmet (worn)
 F - a +1 pair of gloves (worn)
 G - quicksilver dragon scales
 I - a +3 plate armour of poison resistance (worn)
 N - the +2 cloak of the Villain (worn) {rF+ Slay+2}
   (You found it on level 5 of the Lair of Beasts)

   Slay+2:    It affects your accuracy & damage with ranged weapons and melee
   (+2).
   rF+:       It protects you from fire.
 U - the +3 pair of seven-league boots (worn) {Rampage+∞}
   (You bought it in a shop on level 11 of the Dungeon)

   Rampage+∞: When moving toward enemies, its wearer moves as far as possible,
   alerting their target en route.
Magical Staves
 v - a staff of conjuration {!a}
Jewellery
 c - a ring of protection from cold
 s - an amulet of guardian spirit
 y - the dreamdust necklace (around neck) {Acrobat}
   (You took it off an orc warrior on level 5 of the Dungeon)

   [amulet of the acrobat]

   Acrobat:   It increases your evasion while moving and waiting.
 E - a +5 ring of evasion (left hand)
 L - a ring of flight (right hand)
 O - an amulet of reflection
Wands
 d - a wand of digging (7)
 l - a wand of charming (6)
 m - a wand of flame (3)
 z - a wand of roots (24)
 A - a wand of polymorph (11)
Scrolls
 e - a scroll of noise
 h - 10 scrolls of identify {@r1}
 x - 5 scrolls of poison
 B - 2 scrolls of vulnerability
 H - 3 scrolls of fog
 J - a scroll of immolation
 K - 2 scrolls of torment
 V - 3 scrolls of enchant weapon
 Y - 3 scrolls of brand weapon
Potions
 b - 3 potions of enlightenment
 f - 3 potions of curing {@q1}
 g - 3 potions of attraction
 j - 4 potions of resistance
 k - 6 potions of brilliance
 q - a potion of cancellation
 u - 3 potions of mutation
 Q - 3 potions of magic
 T - 2 potions of lignification
Miscellaneous
 M - a lightning rod (inert)
 P - a condenser vane (inert)
 R - a sack of spiders (inert)

Dungeon Overview and Level Annotations

Branches:
Dungeon (15/15)            Temple (1/1) D:4            Lair (5/5) D:11
 Shoals (0/4) Lair:3        Snake (4/4) Lair:3        Slime (0/5) Lair:4
    Orc (2/2) D:11            Elf (0/3) Orc:2        Vaults (0/5) D:13
 Depths (0/4) D:15          Sewer (visited)           IceCv (visited)

Altars:
Ashenzari
Cheibriados
Dithmenos
Elyvilon
Fedhas
Gozag
Hepliaklqana
Kikubaaqudgha
Makhleb
Nemelex Xobeh
Okawaru
Qazlal
Ru
Sif Muna
Trog
Uskayaw
Vehumet
Wu Jian
Xom
Yredelemnul
Zin
The Shining One
Beogh
Jiyva

Shops:
D:7 ([   D:11 [*   Orc:2 (*?=   Snake:2 =:   Snake:3 [

Annotations:
D:10 2 transporters, ezpacito's ghost, journeyman CoCK
D:14 Roxanne

#▒▒ ▒..
▓.. # .
.. . ○.
. . ..
▓4 . . .
▒#▓2###
.▓○☼○@°#
..
▒.☼░##○#
. . . ░.
. .## .
.. # ..
. . . .
▒ ......
.. .
.░.. . .
.. #▒...
. . ...
.. ▒ . .
... . ß.


You could see a blizzard demon and a rust devil.


Message History

Unknown command.
You closely miss the blizzard demon. You slash the blizzard demon!
The blizzard demon convulses.
The blizzard demon is lightly wounded.
The blizzard demon gestures at you. The freezing blast engulfs you!
* * * LOW HITPOINT WARNING * * *
The rust devil is engulfed in freezing vapours.
You closely miss the blizzard demon.
The blizzard demon is lightly wounded.
You are engulfed in freezing vapours.
* * * LOW HITPOINT WARNING * * *
The blizzard demon is engulfed in freezing vapours.
The blizzard demon barely misses you. The blizzard demon hits you.
* * * LOW HITPOINT WARNING * * *
You slash the blizzard demon!
The blizzard demon convulses!
The blizzard demon is heavily wounded.
You are engulfed in freezing vapours.
* * * LOW HITPOINT WARNING * * *
The rust devil is engulfed in freezing vapours.
Unknown command.
You slash the blizzard demon!
The blizzard demon convulses!
The blizzard demon is almost dead.
You are engulfed in freezing vapours.
* * * LOW HITPOINT WARNING * * *
The blizzard demon is engulfed in freezing vapours.
The blizzard demon gestures at you. The bolt of cold hits you!!!
You die...
Your body crumbles into a pile of gold.

Skill      XL: |  1  2  3  4  5  6  7  8  9 10 11 12 13 14 15 16 17 |
---------------+----------------------------------------------------+-----
Axes           | 3 4 5 7 8 9 10 12 15 17 20 22 | 22.3
Fighting       | 6 12 15 16 18 20 | 20.4
Armour         | 4 8 11 13 14 15 17 19 | 19.5
Evocations     | 7 9 12 13 | 13.0
Shields        | |  3.2

Action                     |  1- 3 |  4- 6 |  7- 9 | 10-12 | 13-15 | 16-18 || total
---------------------------+-------+-------+-------+-------+-------+-------++-------
  Melee: War axe           |    95 |   129 |       |       |       |       ||   224
         Hand axe          |       |     7 |   307 |   311 |       |       ||   625
         Labrys            |       |       |       |   229 |  1044 |   599 ||  1872
 Invoke: Call Merchant     |       |       |     1 |     1 |     2 |     1 ||     5
  Evoke: Wand              |       |       |       |     3 |    13 |       ||    16
         Lightning rod     |       |       |       |       |    11 |     4 ||    15
         Condenser vane    |       |       |       |       |     2 |     2 ||     4
         Sack of spiders   |       |       |       |       |     1 |     1 ||     2
    Use: Scroll            |     1 |     5 |     4 |    23 |     8 |     8 ||    49
         Potion            |       |     2 |       |     5 |    10 |    21 ||    38
   Stab: Distracted        |       |       |     2 |     1 |    10 |     4 ||    17
         Sleeping          |       |       |       |     1 |       |       ||     1
         Petrified         |       |       |       |       |     1 |       ||     1
         Invisible         |       |       |       |       |       |     4 ||     4
 Armour: Scale mail        |    78 |   113 |   152 |       |       |       ||   343
         Quicksilver drago |       |       |     3 |   276 |   700 |     6 ||   985
         Plate armour      |       |       |       |       |       |   585 ||   585
  Dodge: Dodged            |    46 |    60 |   141 |   314 |   581 |   314 ||  1456

Levels and vault maps discovered:
D:1:      sevenhm_arrival_forest_fort_small_6, layout_basic,
          grunt_decor_arrowhead
D:2:      layout_loops_ring, serial_undead, serial_undead_c, serial_undead_e,
          serial_undead_e, serial_undead_f, uniq_jessica
D:3:      layout_rooms, dilly_ecumenical_altar_fadedgnrine
D:4:      layout_basic, minmay_temple_entry_glassed_door,
          nicolae_twisty_statue_hallways
D:5:      layout_basic
D:6:      layout_loops_ring, mainiacjoe_overflow_alcove_4,
          cheibrodos_sewer_entry_drain
D:7:      layout_loops_cross, mainiacjoe_overflow_paths,
          mainiacjoe_overflow_small_starburst, serial_rivers,
          chequers_serial_rivers_small_3, chequers_serial_rivers_micro_c,
          chequers_serial_rivers_room_a, chequers_serial_rivers_micro_e,
          chequers_serial_rivers_micro_c, chequers_serial_rivers_micro_d,
          dreamdust_gnoll_farm
D:8:      layout_basic, nicolae_overflow_hidden_temple, serial_bayou_pond_c,
          uniq_grum
D:9:      layout_long_grid, jmf_multi_god_temple, minivault_11
D:10:     layout_roguey, gammafunk_temple_overflow_claw, gammafunk_ghost_arena
D:11:     layout_loops_ring, lair_entry_dummy
D:12:     minmay_connected_triangles_in_corner, layout_basic,
          minmay_protected_statue
D:13:     layout_loops_ring, erik_vaults_2
D:14:     minmay_razor_zed, layout_loops_ring,
          nicolae_uskayaw_murder_on_the_dancefloor, hangedman_decor_lopped,
          dk_noncrumbling_3, hangedman_aviary, uniq_roxanne
D:15:     gammafunk_enter_depths_forms, layout_cave_pods,
          nicolae_kite_square_tiling_tiny, uniq_jorgrun, uniq_louise,
          uniq_rupert
Temple:   compressed_dpeg_triangle_lava_temple
Lair:1:   dragon1_lemuel, layout_hall_layers
Lair:2:   layout_layer_cave, enter_volcano_1
Lair:3:   layout_loops_ring, shoals_dummy_entry,
          minmay_snake_entry_guardpost_small
Lair:4:   layout_cave_shapes, slime_entry_1, grunt_megastairs_2
Lair:5:   grunt_lair_end_beastmaster, layout_loops_ring, portal_ice_cave_rime,
          uniq_josephine
Snake:1:  layout_honeycomb, lemuel_fruit_tree
Snake:2:  nicolae_snake_hallway, layout_layer_cave, drop_trap, minmay_shoptagon
Snake:3:  layout_gridlike, basic_altar, serial_library_hellmonk_h_bend,
          uniq_aizul
Snake:4:  snake_hunt, layout_cave_town, drop_trap,
          nicolae_snake_salamander_zone, grunt_megastairs_3,
          serial_bayou_shore_b
Orc:1:    layout_diamond_mine, lightli_orcish_oven
Orc:2:    hellmonk_orc_salted, layout_caves, nicolae_orc_quarried_blocks
Abyss:2:  base:
D:14

Notes
Turn   | Place    | Note
-------+----------+-------------------------------------------
     0 | D:1      | demibob the Mountain Dwarf Fighter began the quest for the
                  | Orb.
     0 | D:1      | Reached XP level 1. HP: 19/19 MP: 1/1
    61 | D:1      | Reached skill level 3 in Axes
   161 | D:1      | Reached XP level 2. HP: 22/26 MP: 2/2
   454 | D:1      | Reached skill level 4 in Axes
   721 | D:2      | Reached XP level 3. HP: 29/31 MP: 3/3
   759 | D:2      | Noticed Jessica
   763 | D:2      | Killed Jessica
   764 | D:2      | Reached skill level 5 in Axes
  1063 | D:2      | Reached XP level 4. HP: 28/38 MP: 4/4
  1485 | D:3      | Reached skill level 6 in Axes
  1904 | D:3      | Found a faded altar of an unknown god.
  1975 | D:4      | Noticed a black bear
  2058 | D:4      | Noticed a phantom
  2079 | D:4      | Killed a phantom
  2080 | D:4      | Reached skill level 7 in Axes
  2080 | D:4      | Reached XP level 5. HP: 29/45 MP: 5/5
  2290 | D:4      | Killed a black bear
  2291 | D:4      | Reached skill level 8 in Axes
  2291 | D:4      | Reached XP level 6. HP: 49/51 MP: 6/6
  2318 | D:4      | Found a staircase to the Ecumenical Temple.
  2327 | Temple   | Entered the Ecumenical Temple
  2343 | Temple   | Became a worshipper of Gozag Ym Sagoz the Greedy
  2672 | D:4      | Noticed a sky beast
  2676 | D:4      | Killed a sky beast
  2705 | D:4      | Reached skill level 9 in Axes
  2831 | D:4      | Identified the +11 hand axe of Tuer {venom, rF+++ Str+4
                  | Int-3 Dex-4 Stlth+}
  3026 | D:4      | Reached XP level 7. HP: 36/57 MP: 7/7
  3660 | D:4      | Identified a scroll of acquirement
  3660 | D:4      | Acquired a manual of Fighting
  3681 | D:5      | Entered Level 5 of the Dungeon
  3685 | D:5      | Reached skill level 10 in Axes
  3696 | D:5      | Reached skill level 4 in Fighting
  3764 | D:5      | Reached skill level 4 in Armour
  3843 | D:5      | Reached skill level 5 in Fighting
  3850 | D:5      | Reached skill level 6 in Fighting
  3854 | D:5      | Reached XP level 8. HP: 59/71 MP: 8/8
  3861 | D:5      | Reached skill level 7 in Fighting
  3865 | D:5      | Reached skill level 8 in Fighting
  3967 | D:5      | Reached skill level 9 in Fighting
  4079 | D:5      | Reached skill level 10 in Fighting
  4550 | D:6      | Reached skill level 11 in Fighting
  4585 | D:6      | Found a glowing drain.
  4596 | Sewer    | Entered a sewer
  4635 | Sewer    | Reached skill level 12 in Fighting
  4927 | Sewer    | Reached XP level 9. HP: 92/92 MP: 9/9
  5212 | D:6      | Reached skill level 13 in Fighting
  5319 | D:6      | Reached skill level 14 in Fighting
  5680 | D:6      | Reached skill level 15 in Fighting
  5921 | D:6      | Found a snail-covered altar of Cheibriados.
  6199 | D:7      | Found a shimmering altar of Xom.
  6519 | D:7      | Found an ornate altar of the Wu Jian Council.
  6873 | D:7      | Bought quicksilver dragon scales for 720 gold pieces
  7099 | D:8      | Reached XP level 10. HP: 107/107 MP: 10/10
  7265 | D:8      | Reached skill level 5 in Armour
  7339 | D:8      | Noticed Grum
  7349 | D:8      | Killed Grum
  7526 | D:8      | Found a sparkling altar of Nemelex Xobeh.
  7577 | D:8      | Reached skill level 11 in Axes
  7932 | D:9      | Reached skill level 6 in Armour
  7987 | D:9      | Reached skill level 7 in Armour
  8259 | D:9      | Found a hide-covered altar of Uskayaw.
  8259 | D:9      | Found a shimmering blue altar of Sif Muna.
  8344 | D:9      | Reached skill level 12 in Axes
  8638 | D:9      | Reached skill level 8 in Armour
  9187 | D:10     | Entered Level 10 of the Dungeon
  9224 | D:10     | Reached XP level 11. HP: 109/114 MP: 11/11
  9396 | D:10     | Noticed a two-headed ogre
  9422 | D:10     | Reached skill level 13 in Axes
  9430 | D:10     | Killed a two-headed ogre
  9431 | D:10     | Reached skill level 9 in Armour
  9464 | D:10     | Noticed a death knight
  9466 | D:10     | Noticed ezpacito's ghost (journeyman CoCK)
  9470 | D:10     | Noticed a fire dragon
  9475 | D:10     | Found a transporter.
  9505 | D:10     | Found a transporter.
  9630 | D:10     | Found a hazy altar of Hepliaklqana.
  9630 | D:10     | Found a basalt altar of Yredelemnul.
  9630 | D:10     | Found a burning altar of Makhleb.
 10126 | D:11     | Found a staircase to the Orcish Mines.
 10338 | D:11     | Found a staircase to the Lair.
 10407 | D:11     | Reached skill level 10 in Armour
 10699 | D:12     | Noticed a purple ugly thing
 10699 | D:12     | Noticed a boulder beetle
 10699 | D:12     | Noticed a tengu warrior
 10699 | D:12     | Noticed an entropy weaver
 10848 | Lair:1   | Entered Level 1 of the Lair of Beasts
 10869 | Lair:1   | Reached skill level 14 in Axes
 10908 | Lair:1   | Reached skill level 11 in Armour
 11100 | D:7      | Bought the +4 consecrated labrys {holy, Valiant ^Fragile
                  | Fly SInv} for 767 gold pieces
 11100 | D:7      | Found the +4 consecrated labrys {holy, Valiant ^Fragile Fly
                  | SInv}
 11256 | Lair:1   | Identified the +0 scale mail of the Accordion {Str+2
                  | Stlth+}
 11394 | Lair:1   | Reached skill level 15 in Axes
 11394 | Lair:1   | Reached XP level 12. HP: 112/122 MP: 12/12
 11470 | Lair:1   | Noticed a fire dragon
 11481 | Lair:1   | Identified 3 potions of resistance
 11502 | Lair:1   | Killed a fire dragon
 12001 | Lair:1   | Noticed a death yak
 12002 | Lair:1   | Identified the +7 quarterstaff of Malum In Se {speed,
                  | Int+3}
 12003 | Lair:1   | Noticed a death yak
 12033 | Lair:1   | Killed a death yak
 12034 | Lair:1   | Reached skill level 12 in Armour
 12036 | Lair:1   | Noticed a death yak
 12044 | Lair:1   | Killed a death yak
 12050 | Lair:1   | Killed a death yak
 12461 | Lair:2   | Reached skill level 16 in Axes
 13194 | Lair:2   | Reached skill level 13 in Armour
 13968 | Lair:3   | Found a staircase to the Snake Pit.
 14128 | Lair:3   | Reached skill level 17 in Axes
 14206 | Lair:3   | Noticed an eight-headed hydra
 14213 | Lair:3   | Killed a 13-headed hydra
 14223 | Lair:3   | Reached XP level 13. HP: 78/128 MP: 13/13
 14230 | Lair:3   | Reached skill level 14 in Armour
 14391 | Lair:3   | Found a staircase to the Shoals.
 14680 | Lair:3   | Acquired a manual of Axes
 15164 | Lair:4   | Found a viscous altar of Jiyva.
 15164 | Lair:4   | Found a staircase to the Slime Pits.
 15176 | Lair:4   | Reached skill level 18 in Axes
 15182 | Lair:3   | Reached skill level 1 in Evocations
 15189 | Lair:3   | Reached skill level 2 in Evocations
 15274 | Lair:4   | Reached skill level 3 in Evocations
 15362 | Lair:4   | Reached skill level 4 in Evocations
 15370 | Lair:4   | Reached skill level 19 in Axes
 16070 | Lair:4   | Reached skill level 5 in Evocations
 16103 | Lair:5   | Entered Level 5 of the Lair of Beasts
 16126 | Lair:5   | Found a frozen archway.
 16147 | Lair:5   | Reached skill level 6 in Evocations
 16150 | Lair:5   | Reached skill level 20 in Axes
 16189 | IceCv    | Entered an ice cave
 16748 | IceCv    | Noticed a reaper
 16757 | IceCv    | Killed a reaper
 16758 | IceCv    | Reached skill level 7 in Evocations
 16907 | IceCv    | Identified the +2 chain mail of the Beginning {rF+ rN+
                  | Str-3}
 17120 | Lair:5   | Reached XP level 14. HP: 118/136 MP: 14/14
 17285 | Lair:5   | Reached skill level 21 in Axes
 17350 | Lair:5   | Identified the +0 cloak of the Villain {rF+ Slay+2}
 17521 | Lair:5   | Reached skill level 8 in Evocations
 17628 | Lair:5   | Noticed Josephine
 17644 | Lair:5   | Killed Josephine
 18046 | Lair:5   | Reached skill level 9 in Evocations
 18048 | Lair:5   | Reached skill level 22 in Axes
 19313 | D:12     | Reached skill level 16 in Fighting
 20056 | D:12     | Reached skill level 15 in Armour
 20323 | Orc:1    | Entered Level 1 of the Orcish Mines
 20693 | D:11     | Bought the +3 pair of seven-league boots {Rampage+∞} for
                  | 680 gold pieces
 20693 | D:11     | Found the +3 pair of seven-league boots {Rampage+∞}
 20737 | Orc:2    | Entered Level 2 of the Orcish Mines
 21360 | Orc:2    | Found a staircase to the Elven Halls.
 21521 | Orc:2    | Found a roughly hewn altar of Beogh.
 21521 | Orc:2    | Found Koacatt's Weapon Boutique.
 21564 | Orc:2    | Found Fexeama's General Store.
 21633 | Orc:2    | Reached XP level 15. HP: 127/146 MP: 15/15
 21677 | Orc:2    | Found Xogok's Jewellery Shoppe.
 21729 | Orc:2    | Found Fuopamikij's Magic Scroll Shop.
 21753 | Orc:2    | Reached skill level 17 in Fighting
 22326 | D:11     | Bought shimmering ice dragon scales for 1885 gold pieces
 22326 | D:11     | Identified the +8 ice dragon scales "Opeunim" {Rampage rF-
                  | rC++} (You bought it in a shop on level 11 of the Dungeon)
 22717 | D:13     | Reached skill level 16 in Armour
 22778 | D:13     | Found a gate to the Vaults.
 22952 | D:13     | You are sucked into a shaft and drop 2 floors!
 22952 | D:15     | Entered Level 15 of the Dungeon
 24121 | D:14     | Reached skill level 18 in Fighting
 24128 | D:14     | Reached skill level 17 in Armour
 24661 | D:14     | Identified the granite talisman of the Silversmith {rC+
                  | Str+4}
 24661 | D:14     | Noticed Roxanne
 25085 | D:15     | Noticed Rupert
 25093 | D:15     | Killed Rupert
 25585 | D:15     | Noticed Jorgrun
 25598 | D:15     | Killed Jorgrun
 25725 | D:15     | Noticed Louise
 26031 | D:15     | Found a staircase to the Depths.
 26130 | D:15     | Killed Louise
 26137 | D:15     | Reached XP level 16. HP: 152/159 MP: 16/16
 26573 | D:11     | Bought a +3 plate armour of poison resistance for 714 gold
                  | pieces
 26693 | Snake:1  | Entered Level 1 of the Snake Pit
 26950 | Snake:1  | Identified the +1 robe "Sosat" {Will+ Dex+3}
 26955 | Snake:1  | Reached skill level 10 in Evocations
 27243 | Snake:1  | Reached skill level 18 in Armour
 27247 | Snake:1  | Reached skill level 19 in Fighting
 28325 | Snake:2  | Reached skill level 11 in Evocations
 28369 | Snake:2  | Found Ekej's Jewellery Boutique.
 28369 | Snake:2  | Found Jeodoghu's Book Shop.
 29131 | Snake:2  | HP: 1/161 [naga warrior/+0 long sword (33)]
 29131 | Snake:2  | Saved by the dreamshard amulet
 30679 | Snake:3  | Found a sparkling altar of Nemelex Xobeh.
 30969 | Snake:3  | Reached skill level 12 in Evocations
 31503 | Snake:3  | Identified the serpent talisman of Gestures {rF+ Str-3
                  | Int+5}
 31503 | Snake:3  | Noticed Aizul
 31509 | Snake:3  | Reached skill level 19 in Armour
 31523 | Snake:3  | Killed Aizul
 31765 | Snake:3  | Reached skill level 20 in Fighting
 32452 | Snake:4  | Entered Level 4 of the Snake Pit
 32491 | Snake:4  | Reached XP level 17. HP: 91/170 MP: 17/17
 32528 | Snake:4  | HP: 5/170 [black mamba (13)]
 32804 | Snake:3  | >>hm
 33746 | Snake:4  | Reached skill level 13 in Evocations
 33748 | Snake:4  | HP: 14/171 [salamander/+2 halberd of distortion (18)]
 33749 | Snake:4  | You are cast into the Abyss!
 33749 | Abyss:2  | Cast into level 2 of the Abyss (salamander)
 33848 | Abyss:2  | HP: 8/171 [blizzard demon] (16)]
 33849 | Abyss:2  | Killed from afar by a blizzard demon

Vanquished Creatures
  Jorgrun (D:15)
  Rupert (D:15)
  Aizul (Snake:3)
  A nagaraja (Snake:2)
  Louise (D:15)
  A reaper (IceCv)
  A very ugly thing (D:15)
  Josephine (Lair:5)
  A fire dragon (Lair:1)
  A great orb of eyes (D:15)
  3 salamander tyrants (Snake:4)
  8 vault guards (D:13)
  4 hydras
  9 anacondas
  4 centaur warriors (D:14)
  An alligator (shapeshifter) (D:15)
  2 catoblepae
  6 boulder beetles
  A deep troll shaman (Lair:5)
  8 two-headed ogres
  5 tengu warriors
  6 death yaks
  12 naga warriors
  An orc high priest (Orc:2)
  3 hell hogs (Abyss:2)
  3 shock serpents
  10 naga sharpshooters
  2 salamander mystics (Snake:4)
  An orange crystal statue (D:12)
  7 orc knights
  8 naga ritualists
  10 mana vipers
  4 harpies (D:14)
  2 lindwurms
  A deep elf pyromancer (D:13)
  8 cyclopes
  3 orc sorcerers (Orc:2)
  3 manticores
  12 ugly things
  34 black mambas
  14 salamanders
  A meliai (D:14)
  30 elephants
  4 kobold blastminers (Orc:2)
  An ice statue (IceCv)
  6 guardian serpents
  8 naga magi
  2 unseen horrors
  9 cane toads
  A freezing wraith (IceCv)
  A komodo dragon (shapeshifter) (D:11)
  5 rime drakes
  11 komodo dragons
  An anaconda simulacrum (IceCv)
  A kobold demonologist (D:12)
  An ice devil (IceCv)
  A wind drake (shapeshifter) (D:14)
  4 polar bears
  5 trolls
  A jumping spider (shapeshifter) (D:13)
  18 blink frogs
  3 hornets
  8 saltlings (Orc:2)
  A centaur simulacrum (D:14)
  A dire elephant simulacrum (IceCv)
  10 slime creatures
  A vampire (D:11)
  A shadow (D:8)
  A yak (shapeshifter) (D:15)
  A fire bat (shapeshifter) (D:14)
  5 wyverns
  6 wraiths
  68 yaks
  2 basilisks
  A warg (Orc:1)
  3 steam dragons
  Grum (D:8)
  A chaos spawn (Abyss:2)
  A harpy simulacrum (IceCv)
  44 nagas
  An acid dragon (D:8)
  A hydra simulacrum (IceCv)
  15 water moccasins
  17 orc warriors
  7 black bears
  2 ice beasts (D:7)
  2 sky beasts
  2 laughing skulls (D:14)
  7 ogres
  6 centaurs
  23 wolves
  A boggart (D:11)
  A phantom (D:4)
  3 kobold brigands
  7 bullfrogs
  5 scorpions
  5 two-headed ogre simulacra (IceCv)
  2 gnoll sergeants
  4 cane toad simulacra (IceCv)
  2 elephant simulacra (IceCv)
  11 killer bees
  4 howler monkeys
  A bombardier beetle (D:5)
  5 hounds
  A jelly (D:5)
  A gnoll bouda (D:6)
  15 orc priests
  Jessica (D:2)
  5 iguanas (D:4)
  27 orc wizards
  6 troll simulacra (IceCv)
  A polar bear simulacrum (IceCv)
  4 spriggan simulacra (IceCv)
  A wolf simulacrum (IceCv)
  23 gnolls
  10 adders
  4 naga simulacra (IceCv)
  5 river rats (Sewer)
  7 white imps
  12 ufetubi
  2 dart slugs
  A ribbon worm (D:5)
  82 orcs
  5 endoplasms
  8 giant cockroaches
  7 hobgoblins
  2 jackals (D:2)
  26 kobolds
  3 quokkas
  11 ball pythons
  A ball python zombie (D:2)
  5 bats
  6 frilled lizards
  4 goblins
  26 rats
921 creatures vanquished.

Vanquished Creatures (collateral kills)
  A boulder beetle (D:15)
  A naga warrior (Snake:2)
  A naga mage (Snake:2)
3 creatures vanquished.

Vanquished Creatures (others)
  A tengu warrior (D:14)
  2 nagas
  A gnoll sergeant (D:5)
4 creatures vanquished.

Grand Total: 928 creatures vanquished

Table legend: (Time is in decaauts)
 A = Elapsed time spent in this place.
 B = Non-inter-level travel time spent in this place.
 C = Inter-level travel time spent in this place.
 D = Time resting spent in this place.
 E = Time spent auto-exploring this place.
 F = Levels seen in this place.
 G = Mean time per level.
                   A        B        C        D        E       F      G
               +--------+--------+--------+--------+--------+-----+--------+
         Total |  33166 |  31254 |   1912 |   2742 |  23975 |  30 | 1105.5 |
       Dungeon |  16167 |  15017 |   1150 |    598 |  12309 |  15 | 1077.8 |
        Temple |     32 |     16 |     16 |      0 |      0 |   1 |   32.0 |
          Lair |   6721 |   6360 |    361 |    409 |   4948 |   5 | 1344.2 |
     Snake Pit |   6923 |   6748 |    175 |   1598 |   4379 |   4 | 1730.8 |
  Orcish Mines |   1927 |   1720 |    207 |      5 |   1476 |   2 |  963.5 |
         Abyss |     94 |     94 |      0 |     61 |      0 |   1 |   94.0 |
         Sewer |    443 |    443 |      0 |      0 |    318 |   1 |  443.0 |
      Ice Cave |    855 |    855 |      0 |     70 |    543 |   1 |  855.0 |
               +--------+--------+--------+--------+--------+-----+--------+

Top non-repeatable levels by time:
 Snake:2: 2744 daAuts
 Snake:3: 2445 daAuts
  Lair:5: 1776 daAuts
    D:14: 1655 daAuts
     D:4: 1617 daAuts
  Lair:2: 1500 daAuts
 Snake:1: 1414 daAuts
    D:12: 1346 daAuts
  Lair:3: 1290 daAuts
    D:15: 1261 daAuts
   Orc:2: 1253 daAuts
  Lair:1: 1232 daAuts
     D:8: 1210 daAuts
    D:11: 1165 daAuts
     D:9: 1162 daAuts

Table legend:
 A = Non-vault XP
 B = Vault XP
 C = Vault XP percentage of total XP
 D = Non-vault monster count
 E = Vault monster count
 F = Vault count percentage of total count
                 A         B        C        D         E       F
            +---------+---------+-------+---------+---------+-------
      Total |  157729 |   82364 |  34.3 |     662 |     266 |  28.7
            +---------+---------+-------+---------+---------+-------
        D:1 |      34 |       0 |   0.0 |      21 |       0 |   0.0
        D:2 |      31 |      38 |  55.1 |      12 |       2 |  14.3
        D:3 |      79 |       0 |   0.0 |      19 |       0 |   0.0
        D:4 |     780 |       0 |   0.0 |      28 |       0 |   0.0
        D:5 |    1226 |       0 |   0.0 |      41 |       0 |   0.0
        D:6 |    2091 |       3 |   0.1 |      43 |       2 |   4.4
        D:7 |     550 |     126 |  18.6 |      10 |       5 |  33.3
        D:8 |    1225 |     646 |  34.5 |      18 |       5 |  21.7
        D:9 |    3393 |     186 |   5.2 |      38 |       2 |   5.0
       D:10 |    4106 |       0 |   0.0 |      24 |       0 |   0.0
       D:11 |    1452 |     498 |  25.5 |       8 |       2 |  20.0
       D:12 |    8080 |     745 |   8.4 |      26 |       1 |   3.7
       D:13 |    6652 |    6964 |  51.1 |      16 |       8 |  33.3
       D:14 |    5996 |   13613 |  69.4 |      12 |      20 |  62.5
       D:15 |    5247 |    9958 |  65.5 |      14 |      10 |  41.7
     Lair:1 |    9640 |     876 |   8.3 |      41 |       1 |   2.4
     Lair:2 |    6003 |       0 |   0.0 |      24 |       0 |   0.0
     Lair:3 |   10284 |    2487 |  19.5 |      27 |       9 |  25.0
     Lair:4 |    7748 |     412 |   5.0 |      23 |       2 |   8.0
     Lair:5 |   11844 |   10598 |  47.2 |      36 |      27 |  42.9
    Snake:1 |   15326 |       0 |   0.0 |      28 |       0 |   0.0
    Snake:2 |   22132 |    6198 |  21.9 |      43 |      16 |  27.1
    Snake:3 |   16211 |    1877 |  10.4 |      38 |       2 |   5.0
    Snake:4 |   10814 |   10565 |  49.4 |      20 |      18 |  47.4
      Orc:1 |    2133 |     144 |   6.3 |      24 |       6 |  20.0
      Orc:2 |    2093 |   11611 |  84.7 |      24 |      32 |  57.1
    Abyss:2 |    2559 |       0 |   0.0 |       4 |       0 |   0.0
      Sewer |       0 |     340 | 100.0 |       0 |      50 | 100.0
      IceCv |       0 |    4479 | 100.0 |       0 |      46 | 100.0
            +---------+---------+-------+---------+---------+-------
